AoeStats
← TANRIM-AFFET

Black Forest

506518208Analyzed
4v4 RM · 18d ago on Sep 13, 2026· 75m 16s· 8 players
Game mode
Random Map
Map size
Large (8 player)
Population
200
Speed
Normal
Resources
Standard
Victory
Conquest
Starting age
Dark Age
Ending age
Imperial Age
RankedLock teamsTeams togetherTeam positionsShared explorationLock speedFull tech treeHidden civsTurbo modeCheats
Victory
Defeat
🇵🇪 Teutons · Peru
840
+13
🇵🇪 Mongols · Peru
826
+13
🇦🇷 Persians · Argentina
817
+14
🇹🇷 Chinese · Türkiye
760
+15
🇲🇽 Sicilians · Mexico
777
-14
🇸🇪 Celts · Sweden
777
-14
🇲🇽 Britons · Mexico
768
-14
🇪🇸 Cumans · Spain
743
-13
Darknar626
0:29 Loom
12:51 Feudal Age
14:36 Horse Collar
14:46 Double-Bit Axe
21:25 Castle Age
20:37 Wheelbarrow
20:13 Stone Mining
20:20 Gold Mining
22:59 Bow Saw
23:41 Fervor
28:01 Caravan
30:18 Gold Shaft Mining
30:18 Stone Shaft Mining
30:10 Heavy Plow
32:42 Murder Holes
33:08 Ballistics
35:10 Hand Cart
34:41 Town Watch
39:19 Imperial Age
36:52 Town Patrol
37:32 Sanctity
37:17 Devotion
37:14 Herbal Medicine
38:53 Forging
38:43 Scale Mail Armor
38:44 Padded Archer Armor
38:34 Fletching
38:50 Scale Barding Armor
40:33 Elite Serjeant
41:20 Hauberk
41:36 Conscription
42:00 Crop Rotation
41:50 Leather Archer Armor
41:31 Bodkin Arrow
42:11 Iron Casting
41:51 Chain Mail Armor
41:02 Heavy Scorpion
41:03 Capped Ram
41:10 Pikeman
41:50 Squires
41:36 Arson
41:37 Gambesons
41:12 Man-at-Arms
41:50 Siege Ram
44:46 Chemistry
43:52 Siege Engineers
43:57 Masonry
44:04 Halberdier
44:05 Long Swordsman
53:26 Two-Handed Swordsman
55:34 Blast Furnace
55:05 Plate Mail Armor
54:55 Chain Barding Armor
54:36 Bracer
54:29 Champion
60:59 Cavalier
61:40 Husbandry
61:50 Bloodlines
61:00 Light Cavalry
64:53 Plate Barding Armor
72:59 Elite Skirmisher
La Morte Noire
11:04 Feudal Age
15:21 Castle Age
16:24 Wheelbarrow
16:58 Wheelbarrow
16:24 Double-Bit Axe
16:22 Horse Collar
17:46 Bow Saw
18:19 Heavy Plow
23:15 Gold Mining
23:25 Stone Mining
25:03 Gold Shaft Mining
28:56 Imperial Age
26:58 Loom
27:34 Hand Cart
27:37 Fletching
27:48 Padded Archer Armor
28:30 Bodkin Arrow
29:33 Leather Archer Armor
29:42 Ballistics
30:49 Chemistry
30:25 Conscription
30:28 Bracer
31:19 Ring Archer Armor
31:20 Yeomen
31:22 Elite Longbowman
31:59 Pikeman
32:40 Squires
32:26 Arson
32:57 Forging
32:48 Scale Mail Armor
34:00 Siege Engineers
35:20 Two-Man Saw
35:25 Heavy Scorpion
36:50 Forging
36:41 Scale Mail Armor
36:05 Halberdier
38:29 Masonry
38:00 Treadmill Crane
38:58 Hoardings
38:24 Warwolf
39:34 Iron Casting
39:14 Chain Mail Armor
40:36 Architecture
40:03 Murder Holes
39:40 Sappers
43:16 Blast Furnace
42:46 Plate Mail Armor
43:24 Onager
Wirsh
2:15 Loom
13:01 Feudal Age
13:38 Double-Bit Axe
19:53 Castle Age
19:32 Wheelbarrow
21:15 Wheelbarrow
22:37 Hand Cart
30:37 Stone Mining
30:37 Gold Mining
30:28 Horse Collar
33:26 Masonry
33:28 Fortified Wall
36:47 Imperial Age
34:40 Ballistics
34:31 Treadmill Crane
35:08 Bow Saw
35:53 Man-at-Arms
36:19 Gambesons
36:19 Arson
36:37 Scale Mail Armor
38:22 Furor Celtica
38:09 Long Swordsman
41:21 Stone Shaft Mining
41:21 Gold Shaft Mining
42:38 Pikeman
45:11 Two-Handed Swordsman
47:53 Halberdier
49:37 Forging
49:42 Chain Mail Armor
51:10 Iron Casting
53:54 Blast Furnace
53:34 Plate Mail Armor
58:13 Ballistics
59:07 Conscription
58:42 Champion
Cnry
5:16 Loom
13:04 Feudal Age
14:34 Wheelbarrow
14:01 Double-Bit Axe
19:26 Horse Collar
20:47 Fletching
21:38 Stone Mining
22:38 Gold Mining
26:12 Castle Age
24:23 Scale Mail Armor
24:33 Forging
25:10 Man-at-Arms
25:37 Arson
27:12 Hand Cart
26:21 Long Swordsman
27:03 Squires
27:52 Chain Mail Armor
28:13 Iron Casting
27:41 Murder Holes
28:07 Ballistics
27:59 Masonry
29:33 Bow Saw
30:22 Heavy Plow
34:45 Imperial Age
35:12 Two-Handed Swordsman
36:27 Plate Mail Armor
36:58 Blast Furnace
36:20 Conscription
35:57 Pikeman
36:18 Champion
39:23 Halberdier
46:41 Caravan
47:12 Coinage
58:07 Coinage
59:32 Scale Barding Armor
65:00 Elite Steppe Lancer
JOY BOY
0:41 Loom
11:51 Feudal Age
14:13 Wheelbarrow
13:36 Double-Bit Axe
17:59 Castle Age
16:25 Man-at-Arms
16:53 Arson
17:23 Forging
18:39 Gambesons
18:56 Squires
20:32 Fletching
22:57 Wheelbarrow
24:16 Long Swordsman
28:43 Bow Saw
28:16 Horse Collar
35:58 Imperial Age
35:51 Stone Mining
35:52 Gold Mining
36:43 Heavy Plow
37:17 Scale Mail Armor
39:39 Chemistry
39:00 Ballistics
40:29 Two-Handed Swordsman
41:48 Iron Casting
44:07 Ironclad
44:08 Conscription
44:16 Champion
47:23 Hand Cart
47:39 Chain Mail Armor
48:25 Blast Furnace
47:38 Caravan
48:01 Arrowslits
49:05 Stone Shaft Mining
49:05 Elite Teutonic Knight
53:05 Crenellations
55:17 Plate Mail Armor
67:22 Hoardings
LitiumJCH
9:30 Loom
11:16 Feudal Age
12:54 Double-Bit Axe
18:21 Castle Age
18:08 Gold Mining
18:24 Stone Mining
19:59 Fletching
25:26 Scale Barding Armor
29:54 Chain Barding Armor
29:35 Padded Archer Armor
29:48 Fortified Wall
29:59 Ballistics
29:51 Masonry
34:08 Leather Archer Armor
33:49 Bodkin Arrow
36:40 Imperial Age
37:06 Gold Shaft Mining
37:07 Stone Shaft Mining
36:45 Murder Holes
37:08 Husbandry
37:48 Bloodlines
39:07 Bracer
39:35 Drill
39:36 Conscription
39:42 Capped Ram
42:11 Chemistry
41:17 Siege Engineers
41:15 Heavy Camel Rider
41:54 Town Watch
42:45 Wheelbarrow
46:40 Elite Mangudai
47:01 Light Cavalry
47:46 Onager
49:04 Hussar
49:08 Elite Skirmisher
50:15 Parthian Tactics
58:15 Siege Onager
TANRIM-AFFET
7:51 Loom
10:46 Feudal Age
12:03 Wheelbarrow
14:55 Double-Bit Axe
15:41 Horse Collar
16:41 Gold Mining
20:22 Castle Age
26:16 Bow Saw
26:44 Gold Shaft Mining
27:24 Stone Mining
27:38 Heavy Plow
29:02 Hand Cart
28:35 Town Watch
30:28 Ballistics
30:01 Guard Tower
30:26 Fletching
30:37 Padded Archer Armor
30:56 Fortified Wall
30:43 Murder Holes
36:36 Imperial Age
34:36 Bodkin Arrow
34:56 Leather Archer Armor
34:54 Thumb Ring
38:19 Two-Man Saw
38:32 Chemistry
37:25 Arrowslits
38:17 Keep
37:51 Bracer
38:21 Ring Archer Armor
39:33 Stone Shaft Mining
39:23 Great Wall
39:46 Rocketry
38:48 Elite Chu Ko Nu
40:52 Caravan
41:52 Town Patrol
43:15 Bombard Tower
46:24 Conscription
46:17 Heavy Rocket Cart
54:26 Heavy Cavalry Archer
m4r7in4k7826
10:58 Feudal Age
11:22 Double-Bit Axe
13:01 Wheelbarrow
14:58 Gold Mining
14:58 Stone Mining
19:28 Castle Age
17:14 Loom
17:21 Horse Collar
20:29 Heavy Plow
22:47 Gold Shaft Mining
22:47 Stone Shaft Mining
23:03 Caravan
29:04 Hand Cart
28:35 Town Watch
29:22 Bow Saw
32:41 Imperial Age
31:14 Town Patrol
32:35 Scale Barding Armor
32:40 Forging
34:07 Chemistry
33:27 Ballistics
34:06 Crop Rotation
34:43 Two-Man Saw
34:48 Cavalier
35:28 Husbandry
37:21 Elite War Elephant
39:44 Murder Holes
41:59 Iron Casting
41:45 Chain Barding Armor
42:28 Savar
47:45 Plate Barding Armor
48:11 Blast Furnace
46:52 Onager
49:26 Guilds
49:47 Coinage
50:01 Savar
Connection lost

Rejoining the realm…

Still unreachable

The connection could not be restored.

Session expired

The server has moved on; the page needs a fresh start.